 Dungeon Crawl Stone Soup version 0.23.1 (webtiles) character file.

Game seed: 0

9798 eccles the Severer (level 11, -2/102 HPs)
             Began as a Minotaur Berserker on Mar 5, 2019.
             Was a High Priest of Trog.
             Slain by a manticore (3 damage)
             ... on level 10 of the Dungeon on Mar 11, 2019.
             The game lasted 00:52:22 (9449 turns).

eccles the Severer (Minotaur Berserker)             Turns: 9449, Time: 00:52:24

Health: -2/102     AC: 19    Str: 25    XL:     11   Next: 27%
Magic:  10/10      EV: 12    Int:  4    God:    Trog [*****.]
Gold:   647        SH:  0    Dex: 12    Spells: 10/10 levels left

rFire    . . .     SeeInvis .   O - +5 battleaxe (flame)
rCold    . . .     Gourm    .   (shield currently unavailable)
rNeg     . . .     Faith    .   N - +2 plate armour
rPois    +         Spirit   .   (helmet restricted)
rElec    .         Reflect  .   K - +2 cloak {rPois}
rCorr    .         Harm     .   (no gloves)
MR       .....                  (no boots)
Stlth    ..........             (no amulet)
HPRegen  0.27/turn              f - +2 ring of strength
MPRegen  0.12/turn              E - +3 ring of evasion

@: about to teleport, berserk cooldown, slowed, very slow
A: retaliatory headbutt, horns 2
a: Berserk, Trog's Hand, Brothers in Arms, Renounce Religion


You were on level 10 of the Dungeon.
You worshipped Trog.
Trog was extremely pleased with you.
You were not hungry.

You visited 1 branch of the dungeon, and saw 10 of its levels.
You also visited: Ossuary.

You collected 647 gold pieces.

Inventory:

Hand Weapons
 a - a +0 hand axe
 B - a +0 war axe
 O - a +5 battleaxe of flaming (weapon)
Missiles
 y - 16 tomahawks (quivered)
Armour
 b - a +0 animal skin
 g - a +0 leather armour
 i - a +0 ring mail
 n - a +0 scale mail
 C - a +0 chain mail
 D - +0 steam dragon scales
 K - a +2 cloak of poison resistance (worn)
 N - a +2 plate armour (worn)
Jewellery
 f - a +2 ring of strength (left hand)
 k - an uncursed ring of teleportation
 l - an uncursed amulet of harm
 u - an uncursed ring of resist corrosion
 E - a +3 ring of evasion (right hand)
Wands
 j - a wand of polymorph (10)
 I - a wand of acid (7)
 M - a wand of iceblast (5)
Scrolls
 d - 8 scrolls of remove curse
 o - 2 scrolls of amnesia
 p - 2 scrolls of fog
 s - 2 scrolls of magic mapping
 t - 2 scrolls of immolation
 v - a scroll of teleportation
 A - 2 scrolls of fear
 H - a scroll of vulnerability
 L - a scroll of summoning {unknown}
Potions
 e - 7 potions of degeneration
 h - 3 potions of might
 m - 4 potions of lignification
 q - 5 potions of curing
 r - a potion of ambrosia {unknown}
 w - a potion of flight {unknown}
 x - 2 potions of heal wounds {unknown}
 F - 2 potions of haste {unknown}
 G - a potion of mutation {unknown}
 J - a potion of brilliance {unknown}
Comestibles
 c - 18 rations
 z - a chunk of flesh


   Skills:
 * Level 11.0 Fighting
 * Level 15.2 Axes
 + Level 9.5 Armour
 + Level 3.6 Dodging
 + Level 0.1 Stealth


You had 10 spell levels left.
You didn't know any spells.
Your spell library was empty.

Dungeon Overview and Level Annotations

Branches:
Dungeon (10/15)            Temple (0/1) D:5            Lair (0/6) D:8
    Orc: D:9-12

Altars:
Ashenzari
Cheibriados
Gozag
Hepliaklqana
Kikubaaqudgha
Nemelex Xobeh
Okawaru
Sif Muna
Uskayaw
Wu Jian
Xom


Innate Abilities, Weirdness & Mutations

You reflexively headbutt those who attack you in melee.
You have a pair of horns on your head.


Message History

It was a potion of curing.
You feel better. The manticore misses you. You furiously retaliate!
You headbutt the manticore!
The manticore claws you but does no damage.
The manticore closely misses you.
You slash the manticore! You burn the manticore.
Your headbutt misses the manticore.
The manticore is severely wounded.
The manticore barely misses you.
The manticore claws you but does no damage.
The manticore closely misses you. The manticore bites you!
* * * LOW HITPOINT WARNING * * *
The manticore barely misses you.
The manticore claws you but does no damage.
As you read the scroll of teleportation, it crumbles to dust.
You feel strangely unstable. The manticore bites you.
* * * LOW HITPOINT WARNING * * *
The manticore claws you.
* * * LOW HITPOINT WARNING * * *
The manticore claws you.
You die...

###### #.##.##.#### #...... #####
####.###########...... ########
#...####...........> ...### #
##.##)##............ ...###
#.##.##.##†#########..... ######
...........### #.#### ######
#.##.##5##)### #.# ###### #
##H############.#### ##
#[.@.###.....^......
########............
#######........#####
###########....# #l ###...#
#....# ###. ###...# #....# ##...#
#####...# #....#
###.############...# #....#####
###+##########.....#####.........


You could see a manticore and a shadow imp.

Vanquished Creatures
  An unseen horror (D:10)
  An ugly thing (D:10)
  A manticore (D:10)
  Joseph (D:8)
  An efreet (D:10)
  A slime creature (D:10)
  Grinder (D:5)
  A hornet (D:10)
  A vampire (D:10)
  4 wraiths
  3 yaks (D:9)
  A steam dragon (D:7)
  A hungry ghost (D:10)
  A water moccasin (D:10)
  4 porcupines (D:8)
  2 orc warriors
  2 ice beasts
  5 sky beasts
  2 black bears
  2 necrophages
  2 phantoms
  An ogre (D:10)
  6 centaurs
  A crocodile (D:8)
  2 elf zombies (D:7)
  4 big kobolds
  6 bullfrogs
  An elf skeleton (D:7)
  3 scorpions
  5 killer bees (D:10)
  13 wights
  3 howler monkeys (D:5)
  3 crimson imps
  A bullfrog zombie (D:5)
  3 human zombies
  6 hounds
  2 jellies
  4 bullfrog skeletons
  2 orc priests
  A centaur skeleton (D:8)
  12 orc wizards
  3 iguanas
  4 worker ants
  A big kobold zombie (Ossuary)
  An ogre zombie (D:7)
  A hound skeleton (D:10)
  4 mummies
  A howler monkey zombie (D:5)
  Robin (D:2)
  3 gnolls (D:6)
  15 adders
  A howler monkey skeleton (D:7)
  An ooze (D:1)
  An adder skeleton (D:5)
  An adder zombie (D:8)
  6 worms
  A dart slug (D:1)
  6 leopard geckos
  32 orcs
  4 giant cockroaches
  6 goblins
  9 hobgoblins
  12 jackals
  6 quokkas
  2 ball pythons
  7 bats
  3 frilled lizards
  A goblin zombie (Ossuary)
  A hobgoblin zombie (Ossuary)
  26 kobolds
  2 kobold zombies (Ossuary)
  A leopard gecko skeleton (D:5)
  An orc skeleton (D:7)
  An orc zombie (D:7)
  6 rats
288 creatures vanquished.

Vanquished Creatures (others)
  27 fungi (D:8)
  4 plants (D:8)
31 creatures vanquished.

Grand Total: 319 creatures vanquished

Notes
Turn   | Place    | Note
-------+----------+-------------------------------------------
     0 | D:1      | eccles the Minotaur Berserker began the quest for the Orb.
     0 | D:1      | Reached XP level 1. HP: 19/19 MP: 0/0
   264 | D:1      | Reached skill level 4 in Axes
   266 | D:1      | Reached XP level 2. HP: 22/27 MP: 1/1
   850 | D:1      | Reached XP level 3. HP: 24/33 MP: 2/2
  1178 | D:2      | Noticed Robin
  1182 | D:2      | Reached ** piety under Trog
  1197 | D:2      | Killed Robin
  1479 | D:2      | Found a sparkling altar of Nemelex Xobeh.
  1479 | D:2      | Found an ornate altar of the Wu Jian Council.
  1850 | D:2      | Found a shimmering altar of Xom.
  1937 | D:3      | Reached skill level 5 in Axes
  1937 | D:3      | Reached XP level 4. HP: 36/41 MP: 3/3
  2039 | D:3      | Noticed a big kobold
  2040 | D:3      | Noticed a big kobold
  2050 | D:3      | Killed a big kobold
  2050 | D:3      | Reached XP level 5. HP: 40/47 MP: 4/4
  2050 | D:3      | Reached skill level 5 in Fighting
  2050 | D:3      | Reached skill level 6 in Axes
  2163 | D:3      | Reached *** piety under Trog
  2170 | D:3      | Reached XP level 6. HP: 34/56 MP: 5/5
  2433 | D:4      | Reached skill level 7 in Axes
  2765 | D:4      | Reached XP level 7. HP: 49/61 MP: 6/6
  3151 | D:5      | Entered Level 5 of the Dungeon
  3183 | D:5      | Found a staircase to the Ecumenical Temple.
  3193 | D:5      | Reached skill level 8 in Axes
  3381 | D:5      | Reached **** piety under Trog
  3386 | D:5      | Noticed Grinder
  3399 | D:5      | Killed Grinder
  3399 | D:5      | Reached skill level 9 in Axes
  3399 | D:5      | Reached XP level 8. HP: 30/70 MP: 7/7
  3761 | D:5      | Reached skill level 5 in Armour
  4052 | D:6      | Reached skill level 10 in Axes
  4388 | D:6      | Found an iron altar of Okawaru.
  4389 | D:6      | Found a shattered altar of Ashenzari.
  4390 | D:6      | Found an opulent altar of Gozag.
  4391 | D:6      | Found a snail-covered altar of Cheibriados.
  4393 | D:6      | Found a hide-covered altar of Uskayaw.
  4989 | D:7      | Reached skill level 11 in Axes
  4989 | D:7      | Reached XP level 9. HP: 73/78 MP: 8/8
  5636 | D:7      | Found an ancient bone altar of Kikubaaqudgha.
  5805 | D:7      | Reached skill level 12 in Axes
  6095 | D:8      | Noticed Joseph
  6099 | D:8      | Reached ***** piety under Trog
  6111 | D:8      | Killed Joseph
  6138 | D:8      | Noticed a sixfirhy
  6172 | D:8      | Found a runed translucent door.
  6191 | D:8      | Found a sand-covered staircase.
  6231 | Ossuary  | Entered an ossuary
  6647 | D:8      | Reached skill level 13 in Axes
  6681 | D:8      | Reached XP level 10. HP: 50/90 MP: 9/9
  7555 | D:8      | Found a staircase to the Lair.
  8059 | D:9      | Found a hazy altar of Hepliaklqana.
  8289 | D:9      | Found a deep blue altar of Sif Muna.
  8364 | D:10     | Entered Level 10 of the Dungeon
  8410 | D:10     | Noticed a cyan ugly thing
  8418 | D:10     | Killed a cyan ugly thing
  8418 | D:10     | Reached skill level 10 in Fighting
  8418 | D:10     | Reached skill level 14 in Axes
  8447 | D:10     | Killed an unseen horror
  8759 | D:10     | Received a gift from Trog
  8877 | D:10     | Reached XP level 11. HP: 100/100 MP: 10/10
  9391 | D:10     | Reached skill level 15 in Axes
  9449 | D:10     | HP: 4/102 [manticore (5)]
  9449 | D:10     | HP: 1/102 [manticore (3)]
  9449 | D:10     | Slain by a manticore

Skill      XL: |  1  2  3  4  5  6  7  8  9 10 11 |
---------------+----------------------------------+-----
Axes           | 4 5 6 7 9 11 13 14 15 | 15.2
Fighting       | 4 5 6 7 9 10 11 | 11.0
Armour         | 3 4 6 7 9 |  9.5
Dodging        | 3 |  3.6
Stealth        | |  0.1

Action                   |  1- 3 |  4- 6 |  7- 9 | 10-12 || total
-------------------------+-------+-------+-------+-------++-------
Melee: Hand axe          |    97 |   129 |    92 |       ||   318
       Headbutt          |    10 |    19 |    74 |    53 ||   156
       War axe           |       |       |   274 |   121 ||   395
       Battleaxe         |       |       |       |    87 ||    87
Invok: Berserk           |     1 |     1 |     3 |     3 ||     8
Evoke: Wand              |       |       |       |     1 ||     1
  Use: Scroll            |       |     2 |    11 |    13 ||    26
       Potion            |       |       |       |     1 ||     1
  Eat: Chunk             |     4 |     4 |    15 |     3 ||    26
       Ration            |       |       |       |     3 ||     3
Armor: Animal skin       |     8 |       |       |       ||     8
       Leather armour    |     8 |       |       |       ||     8
       Ring mail         |    18 |       |       |       ||    18
       Scale mail        |     7 |    44 |    31 |       ||    82
       Chain mail        |       |       |   115 |    24 ||   139
       Plate armour      |       |       |       |   108 ||   108
Dodge: Dodged            |    77 |    72 |   161 |   123 ||   433
